 Dungeon Crawl Stone Soup version 0.31-a0-360-gb3e1d13bf4 (webtiles) character file.

Game seed: 6708793392198296767

529 CraigForest the Ruffian (level 7, -1/55 HPs)
             Began as a Meteoran Shapeshifter on July 26, 2023.
             Was an Initiate of Hepliaklqana.
             Slain by a gnoll
             ... wielding a +0 flail
             ... led by a gnoll sergeant
              (12 damage)
             ... on level 4 of the Dungeon.
             The game lasted 00:16:44 (1535 turns).

CraigForest the Ruffian (Meteoran Shapeshifter)     Turns: 1535, Time: 00:16:45

Health: -1/55      AC:  3    Str: 18    XL:     7   Next: 77%
Magic:  8/8        EV: 13    Int: 10    God:    Hepliaklqana [......]
Gold:   65         SH:  0    Dex: 15    Spells: 6/6 levels left

rFire   . .          .
                       - Unarmed
rCold   . . .        (no shield)
rNeg    . . .        a - +1 animal skin
rPois   .            (helmet currently unavailable)
rElec   .            (cloak currently unavailable)
rCorr   .            (gloves currently unavailable)
SInv    .            (boots currently unavailable)
Will    .....        (no amulet)
Stlth   +            x - ring of flight
HPRegen 0.29/turn    (no ring)
MPRegen 0.11/turn

%: no passive effects
@: beast-form, flying, glowing, studying 2 skills
A: beast (slay +3), sense surroundings 1, otherworldly, glowing, explore regen
a: Begin Untransformation, Renounce Religion


You were on level 4 of the Dungeon.
You worshipped Hepliaklqana.
Hepliaklqana was noncommittal.
You were a hulking beast.
You visited 1 branch of the dungeon, and saw 4 of its levels.

You collected 197 gold pieces.
You spent 132 gold pieces at shops.

Inventory:

Hand Weapons
 b - a +0 hand axe
 j - a +0 long sword
 p - a +0 war axe
Missiles
 d - 5 poisoned darts
 m - 5 javelins (quivered)
 w - 6 atropa-tipped darts
Armour
 a - a +1 animal skin (worn)
 h - a +0 plate armour
 r - a +0 scale mail
Magical Staves
 q - a staff of air
Jewellery
 x - a ring of flight (left hand)
Talismans
 c - a beast talisman
Scrolls
 e - a scroll of enchant armour
 g - a scroll of amnesia {unknown}
 k - a scroll of fog {unknown}
 l - a scroll of fear {unknown}
 o - a scroll of noise {unknown}
 s - a scroll of immolation {unknown}
Potions
 f - a potion of enlightenment
 i - a potion of mutation
 n - a potion of might
 t - a potion of haste
 u - a potion of berserk rage
 v - a potion of curing


   Skills:
 + Level 2.0 Fighting
 + Level 1.0 Throwing
 + Level 3.6 Dodging
 + Level 7.5 Unarmed Combat
 + Level 5.5 Shapeshifting


You had 6 spell levels left.
You didn't know any spells.
Your spell library contained the following spells:

 Spells                   Type           Power      Damage    Failure   Level
 Gell's Gravitas          Tloc           0%         N/A       75%         3
 Teleport Other           Tloc           0%         N/A       75%         3
 Dispersal                Tloc           0%         N/A       100%        6


Dungeon Overview and Level Annotations

Branches:
Dungeon (4/15) Zot: 864
 Temple: D:4-7

Altars:
Hepliaklqana

Shops:
D:4 !


Innate Abilities, Weirdness & Mutations

You are a hulking beast.
Your limbs bulge with bestial killing power. (Slay +3)
You passively map a small area around you.
You are easily found by Zot.
You glow in the dark.
You regain HP and MP as you explore.


Message History

Found a scroll labelled FUNIUCKE SOMERR.
You punch the gnoll!
The gnoll is almost dead.
The gnoll barely misses you. The gnoll sergeant barely misses you.
You closely miss the gnoll. You punch the gnoll.
You kill the gnoll!
The gnoll sergeant completely misses you.
You hit the gnoll.
The gnoll is heavily wounded.
The gnoll hits you with a +0 flail.
The gnoll sergeant hits you from afar with a +0 spear!
You punch the gnoll!
You kill the gnoll!
The gnoll sergeant hits you with a +0 spear!
You punch the gnoll sergeant!
The gnoll sergeant is moderately wounded.
The gnoll sergeant hits you with a +0 spear.
You hit the gnoll sergeant.
The gnoll sergeant is heavily wounded.
The gnoll sergeant hits you with a +0 spear.
You punch the gnoll sergeant!
The gnoll sergeant is severely wounded.
The gnoll sergeant hits you with a +0 spear.
You barely miss the gnoll sergeant.
The gnoll sergeant is severely wounded.
The gnoll sergeant misses you.
You hit the gnoll sergeant but do no damage.
The gnoll sergeant is severely wounded.
The gnoll sergeant hits you with a +0 spear!
* * * LOW HITPOINT WARNING * * *
You punch the gnoll sergeant!
You kill the gnoll sergeant!
Your Fighting skill increases to level 2!
Your Throwing skill increases to level 1!
You hit the gnoll.
The gnoll is moderately wounded.
You hit the gnoll.
The gnoll is severely wounded.
The gnoll hits you with a +0 flail!
You die...

####..# * ##.....# * ,
.......# ,* *, ,
##.##### ##.# ,* ...#
######### * ##.#
#####.......#, ##.####
#≈≈≈≈.≈≈≈≈# ##....#
#≈##≈h≈##≈# * ...##.#
≈###g###≈# * #####.#
≈≈#...#≈≈# , * ..# #.#
*≈≈#...#≈≈# , #.###.##
≈≈#.?.#≈≈#
#.##.[.#####≈#######≈#
,
#.##.#.†...#≈##≈≈≈##≈#
#.##..)###..≈≈≈≈≈≈≈≈≈#
* # #.######
#######.#.######.#


You could see a gnoll.

Vanquished Creatures
  Sigmund (D:3)
  A sky beast (D:3)
  An ogre (D:4)
  A gnoll sergeant (D:4)
  An orc wizard (D:3)
  2 gnolls (D:4)
  6 adders
  A worm (D:4)
  A dart slug (D:2)
  4 orcs (D:3)
  5 ball pythons
  An endoplasm (D:3)
  A giant cockroach (D:3)
  3 goblins
  5 hobgoblins
  7 kobolds
  2 quokkas (D:2)
  6 rats
  A spectral hobgoblin (D:3)
50 creatures vanquished.

Notes
Turn   | Place    | Note
-------+----------+-------------------------------------------
     0 | D:1      | CraigForest the Meteoran Shapeshifter began the quest for
                  | the Orb.
     0 | D:1      | Reached XP level 1. HP: 16/16 MP: 2/2
   141 | D:1      | Reached XP level 2. HP: 23/23 MP: 3/3
   159 | D:1      | Reached skill level 4 in Unarmed Combat
   206 | D:2      | Reached XP level 3. HP: 28/28 MP: 4/4
   598 | D:3      | Reached XP level 4. HP: 27/35 MP: 5/5
   626 | D:3      | HP: 2/52 [poisoned by a kobold]
   716 | D:3      | Found a hazy altar of Hepliaklqana.
   733 | D:3      | Became a worshipper of Hepliaklqana the Forgotten
   938 | D:3      | Reached skill level 5 in Unarmed Combat
   940 | D:3      | Reached XP level 5. HP: 13/40 MP: 6/6
   983 | D:3      | Noticed Sigmund
   983 | D:3      | Noticed a sky beast
   995 | D:3      | Killed a sky beast
   996 | D:3      | Reached XP level 6. HP: 22/47 MP: 7/7
  1000 | D:3      | Killed Sigmund
  1001 | D:3      | Reached skill level 6 in Unarmed Combat
  1001 | D:3      | Reached skill level 5 in Shapeshifting
  1001 | D:3      | Reached XP level 7. HP: 26/53 MP: 8/8
  1246 | D:4      | Reached skill level 7 in Unarmed Combat
  1258 | D:4      | Identified 2 scrolls of acquirement
  1258 | D:4      | Acquired a manual of Shapeshifting
  1260 | D:4      | Acquired a manual of Throwing
  1272 | D:4      | Found Teneum's Distillery.
  1280 | D:4      | Bought a potion of might for 44 gold pieces
  1280 | D:4      | Bought a potion of berserk rage for 55 gold pieces
  1280 | D:4      | Bought a potion of curing for 33 gold pieces
  1534 | D:4      | Reached skill level 1 in Throwing
  1535 | D:4      | Slain by a gnoll

Illustrated notes

Levels and vault maps discovered:
D:1:      nzn_arrival_depleted_hourglass, layout_rooms, minmay_misc_feat_rugged,
          serial_bayou_pond_e
D:2:      layout_rooms
D:3:      layout_loops_ring, nicolae_hepliaklqana_monster_ancestors,
          serial_bayou_crossing, uniq_sigmund
D:4:      layout_loops_ring, minmay_temple_entry_overgrown, serial_shops,
          nicolae_shop_peninsula, st_stairs_10, grunt_decor_fettered,
          lightli_minifort, uniq_grinder

Skill      XL: |  1  2  3  4  5  6  7 |
---------------+----------------------+-----
Unarmed Combat | 4 5 6 7 |  7.5
Shapeshifting  | 4 5 |  5.5
Dodging        | 3 |  3.6
Fighting       | 2 |  2.0
Throwing       | 1 |  1.0

Action                     |  1- 3 |  4- 6 |  7- 9 || total
---------------------------+-------+-------+-------++-------
  Melee: Unarmed           |    43 |    43 |    37 ||   123
         Punch             |     4 |     2 |     2 ||     8
  Throw: Javelin           |       |     4 |       ||     4
    Use: Scroll            |     1 |     1 |     4 ||     6
         Potion            |       |     3 |       ||     3
 Armour: Animal skin       |     6 |     3 |     1 ||    10
  Dodge: Dodged            |    15 |    28 |    11 ||    54

Table legend: (Time is in decaauts)
 A = Elapsed time spent in this place.
 B = Non-inter-level travel time spent in this place.
 C = Inter-level travel time spent in this place.
 D = Time resting spent in this place.
 E = Time spent auto-exploring this place.
 F = Levels seen in this place.
 G = Mean time per level.
                   A        B        C        D        E       F      G
               +--------+--------+--------+--------+--------+-----+--------+
         Total |   1534 |    833 |    701 |      0 |    452 |   4 |  383.5 |
       Dungeon |   1534 |    833 |    701 |      0 |    452 |   4 |  383.5 |
               +--------+--------+--------+--------+--------+-----+--------+

Top non-repeatable levels by time:
     D:3: 703 daAuts
     D:2: 358 daAuts
     D:4: 290 daAuts
     D:1: 182 daAuts
